 Dungeon Crawl Stone Soup version 0.17.1-2-g5865329 (webtiles) character file.

814 Goblin1989 the Grave Robber (level 7, -2/62 HPs)
             Began as a Deep Dwarf Necromancer on Jan 24, 2016.
             Was a Follower of Makhleb.
             Slain by a steam dragon (5 damage)
             ... on level 7 of the Dungeon.
             The game lasted 00:34:37 (4340 turns).

Goblin1989 the Grave Robber (DDNe)                  Turns: 4340, Time: 00:34:37

Health: -2/62      AC: 10    Str: 12    XL:     7   Next: 62%
Magic:  9/9        EV: 12    Int: 17    God:    Makhleb [*.....]
Gold:   339        SH:  0    Dex: 13    Spells: 3 memorised, 4 levels left

rFire  . . .     SeeInvis .     t - +1 war axe
rCold  . . .     Clarity  .     n - +1 ring mail
rNeg   . . .     SustAt   .     (no shield)
rPois  .         Gourm    .     (no helmet)
rElec  .         Spirit   .     m - +0 cloak
rCorr  .         Warding  .     D - +1 pair of gloves
rMut   .         Stasis   .     h - +0 pair of boots
MR     +....                    s - amulet of rage
Stlth  +.........               (no ring)
                                (no ring)

@: non-regenerating, somewhat resistant to hostile enchantments, very unstealthy
A: damage resistance, recharge devices, sense surroundings 1, slow regeneration
3
a: Device Recharging, Renounce Religion, Evoke Berserk Rage


You were on level 7 of the Dungeon.
You worshipped Makhleb.
Makhleb was aware of your devotion.
You were not hungry.

You visited 2 branches of the dungeon, and saw 8 of its levels.

You collected 339 gold pieces.

Inventory:

Hand Weapons
 t - a +1 war axe (weapon)
Missiles
 q - 3 throwing nets (quivered)
Armour
 a - a +0 robe
 h - a +0 pair of boots (worn)
 m - a +0 cloak (worn)
 n - a +1 ring mail (worn)
 D - a +1 pair of gloves (worn)
Jewellery
 p - an uncursed ring of fire {unknown}
 s - an amulet of rage (around neck)
 v - an uncursed ring of sustain attributes {unknown}
Wands
 c - a wand of heal wounds (1)
Scrolls
 e - a scroll of noise {unknown}
 g - a scroll of recharging
 i - 2 scrolls of enchant weapon
 j - 2 scrolls of random uselessness
 r - 2 scrolls of remove curse
 u - 2 scrolls of amnesia
 y - 2 scrolls of fear {unknown}
 z - a scroll of teleportation {unknown}
 A - a scroll of identify
Potions
 k - a potion of agility
 l - a potion of flight
 w - a potion of haste
 x - a potion of curing
 C - a potion of cancellation {unknown}
Books
 b - a book of Necromancy

   Spells                             Type                      Level
   a - Pain                           Necromancy                   1
   b - Animate Skeleton               Necromancy                   1
   c - Vampiric Draining              Necromancy                   3
   d - Regeneration                   Charms/Necromancy            3
   e - Animate Dead                   Necromancy                   4
   f - Control Undead                 Necromancy                   4
Comestibles
 d - 7 bread rations
 f - 5 fruits
 o - 7 chunks of flesh
 B - a meat ration


   Skills:
 + Level 3.4 Fighting
 * Level 5.1 Axes
 + Level 4.9 Dodging
 - Level 2.4 Stealth
 - Level 1.7 Spellcasting
 - Level 5.3 Necromancy
 + Level 3.5 Invocations


You had 4 spell levels left.
You knew the following spells:

 Your Spells              Type           Power        Failure   Level  Hunger
a - Pain                  Necr           ###.         6%          1    #......
b - Vampiric Draining     Necr           ###.......   17%         3    ###....
c - Animate Skeleton      Necr           N/A          6%          1    #......


Dungeon Overview and Level Annotations

Branches:
Dungeon (7/15)             Temple (1/1) D:4

Altars:
Ashenzari
Cheibriados
Dithmenos
Elyvilon
Fedhas
Gozag
Makhleb
Nemelex Xobeh
Okawaru
Qazlal
Vehumet
Xom
Yredelemnul
Zin
The Shining One

Shops:
D:5 :

Annotations:
D:5 exclusion: 2 downstairs
D:6 Dowan; Duvessa; kaze's ghost, novice TrBe


Innate Abilities, Weirdness & Mutations

You are resistant to damage.
You can recharge devices by infusing magical energy.
You passively map a small area around you.
You do not regenerate naturally.


Message History

You hit the steam dragon.
The steam dragon is lightly wounded.
The steam dragon misses you. The steam dragon barely misses you.
The steam dragon closely misses you. The steam dragon misses you.
You hit the steam dragon.
The steam dragon is moderately wounded.
The steam dragon bites you. The steam dragon barely misses you.
Your giant gecko skeleton bites the steam dragon.
You hit the steam dragon.
The steam dragon is moderately wounded.
The steam dragon breathes steam at you. The ball of steam hits you!
* * * LOW HITPOINT WARNING * * *
Your giant gecko skeleton barely misses the steam dragon.
You closely miss the steam dragon.
The steam dragon is moderately wounded.
You are engulfed in a cloud of scalding steam.
* * * LOW HITPOINT WARNING * * *
The steam dragon bites you!
You die...

...........#..##
*...........#.##
#.........#..#
*#.......Z#.##
##.........#
#######..##
##Z...#
##..##..#
*#@Z##*#.# #DZ##
*#.# *#..## #.#
#..# ..# #..#*
..* *#..#* #..#
..# *


You could see a steam dragon, a friendly giant gecko skeleton, a friendly gnoll
skeleton and a friendly ogre skeleton.

Vanquished Creatures
  2 ogres
  An ice beast (D:7)
  A giant frog (D:7)
  2 scorpions
  A jelly (D:6)
  4 worker ants
  2 iguanas (D:4)
  An orc wizard (D:5)
  A hound skeleton (D:5)
  2 gnolls (D:7)
  8 adders
  3 worms
  2 giant geckos
  10 orcs
  2 ball pythons
  5 bats
  4 giant cockroaches
  3 goblins
  6 hobgoblins
  8 jackals
  5 kobolds
  2 quokkas
  A giant cockroach zombie (D:5)
  2 giant newts
  A jackal zombie (D:6)
  A quokka skeleton (D:5)
  A quokka zombie (D:6)
  4 rats
85 creatures vanquished.

Vanquished Creatures (collateral kills)
  A worker ant (D:5)
  A gnoll (D:7)
  An adder skeleton (D:7)
  A giant gecko (D:3)
  2 bats (D:3)
  A rat (D:2)
7 creatures vanquished.

Grand Total: 92 creatures vanquished

Notes
Turn   | Place    | Note
--------------------------------------------------------------
     0 | D:1      | Goblin1989 the Deep Dwarf Necromancer began the quest for the Orb.
     0 | D:1      | Reached XP level 1. HP: 15/15 MP: 3/3
   217 | D:1      | Reached XP level 2. HP: 16/22 MP: 0/4
   690 | D:2      | Reached skill level 1 in Fighting
   690 | D:2      | Reached XP level 3. HP: 27/31 MP: 1/5
   695 | D:2      | Learned a level 3 spell: Vampiric Draining
   776 | D:2      | Learned a level 1 spell: Animate Skeleton
   868 | D:2      | Reached skill level 5 in Necromancy
   979 | D:2      | You fall through a shaft for 2 floors!
  1029 | D:4      | Reached XP level 4. HP: 38/38 MP: 1/6
  1188 | D:2      | Found a shadowy altar of Dithmenos.
  1189 | D:2      | Found a basalt altar of Yredelemnul.
  1196 | D:2      | Found a glowing silver altar of Zin.
  1200 | D:2      | Found a white marble altar of Elyvilon.
  1201 | D:2      | Found a shattered altar of Ashenzari.
  1996 | D:4      | Noticed an ogre
  2071 | D:4      | Reached skill level 1 in Axes
  2071 | D:4      | Reached XP level 5. HP: 36/45 MP: 1/7
  2196 | D:4      | Noticed a scorpion
  2267 | D:4      | Found a staircase to the Ecumenical Temple.
  2281 | Temple   | Entered the Ecumenical Temple
  2310 | Temple   | Became a worshipper of Makhleb the Destroyer
  2462 | D:5      | Entered Level 5 of the Dungeon
  2604 | D:5      | Reached skill level 1 in Invocations
  2604 | D:5      | Reached XP level 6. HP: 19/55 MP: 8/8
  2940 | D:5      | Found Juntedwa's Book Boutique.
  3235 | D:4      | Reached * piety under Makhleb
  3370 | D:4      | Killed an ogre
  3392 | D:4      | Killed a scorpion
  3392 | D:4      | Reached XP level 7. HP: 5/61 MP: 0/9
  3801 | D:6      | Noticed Duvessa
  3801 | D:6      | Noticed Dowan
  3933 | D:6      | Found a snail-covered altar of Cheibriados.
  4056 | D:6      | Noticed kaze's ghost (novice TrBe)
  4207 | D:7      | Reached skill level 5 in Axes
  4291 | D:7      | Found a blossoming altar of Fedhas.
  4340 | D:7      | HP: 3/62 [steam dragon] (8)]
  4340 | D:7      | Slain by a steam dragon

Action                   |  1- 3 |  4- 6 |  7- 9 || total
-------------------------+-------+-------+-------++-------
Melee: Dagger            |    68 |     1 |       ||    69
       Unarmed           |     8 |       |       ||     8
       War axe           |       |   129 |    83 ||   212
 Cast: Pain              |    39 |    22 |     7 ||    68
       Animate Skeleton  |     6 |    18 |     4 ||    28
       Vampiric Draining |     1 |     8 |       ||     9
Evoke: Wand              |     2 |     3 |     3 ||     8
  Use: Scroll            |       |     3 |     9 ||    12
 Stab: Sleeping          |     5 |     5 |       ||    10
  Eat: Chunk             |     1 |    10 |     4 ||    15
